[Event "Shenzhen FIDE GP (Women)"]
[Site "Shenzhen"]
[Date "2011.09.10"]
[Round "4"]
[White "Danielian, Elina"]
[Black "Ruan, Lufei"]
[Result "0-1"]
[ECO "D47"]
[WhiteElo "2517"]
[BlackElo "2477"]
[Annotator "Mikhalchishin,A"]
[PlyCount "102"]
[EventDate "2011.09.07"]
[EventType "tourn"]
[EventRounds "11"]
[EventCountry "CHN"]
[EventCategory "10"]
[SourceTitle "CBM 145"]
[Source "ChessBase"]
[SourceDate "2011.11.11"]
[SourceVersion "1"]
[SourceVersionDate "2011.11.11"]
[SourceQuality "1"]
[TimeControl "5400"]
[WhiteClock "0:00:08"]
[BlackClock "0:00:17"]

1. d4 d5 2. c4 c6 3. Nc3 Nf6 4. e3 e6 5. Nf3 Nbd7 6. Qc2 Bd6 7. Bd3 dxc4 8.
Bxc4 b5 9. Bd3 Bb7 10. O-O O-O 11. a3 a6 12. b4 {With this move White starts
the plan to stop the thematic ...c7-c5, but Black starts a fierce attack on
this blocking pawn.} a5 13. Rb1 axb4 14. axb4 Qe7 15. e4 e5 16. Ne2 (16. dxe5 {
almost disappeared from practice after the blindfold game Gelfand-Anand, Nice
2008 which went as follows:} Nxe5 17. Nxe5 Bxe5 18. Ne2 Qe6 (18... Rfd8 19. Ng3
$146 (19. f4 Bc7 20. e5 Bb6+ 21. Kh1 Ng4 22. Bxh7+ Kh8 23. h3 Qh4 24. Bf5 Nf2+
25. Kh2 g6 26. Be4 Ng4+ $11) 19... g6 (19... Qe6 20. Rb3 Ng4 $5) 20. Bg5 h6 $5
(20... Qe6 21. Rb3 $14) 21. Bxh6 Ng4 {Black has real compensation for the pawn,
1-0 Pogorelov,R (2462)-Dziuba,M (2535)/Calvia 2006}) (18... Bc7 $5 19. Ng3 Rfe8
(19... g6) 20. f4 Ng4 (20... g6 $142 $15) 21. Nf5 Qe6 22. Bb2 Ra2 23. h3 Nf6
24. Rf3 Bb6+ (24... Nh5 $1) 25. Kh2 g6 26. Nh6+ Kf8 27. Qc3 Rxb2 28. Qxb2 Rd8
29. Qe2 Kg7 30. e5 Kxh6 31. f5 Qd5 32. exf6 Qd6+ 33. g3 c5 34. Qe3+ g5 35. h4 {
with some unpleasant threats,1/2 Pogorelov,R (2421)-Korneev,O (2587),Barcelona
2004}) 19. f4 Ra2 20. Qd1 Ba1 $3 $146 (20... Bc7 21. Nc3 $14) 21. e5 $2 c5 $1
22. exf6 (22. Rxa1 Rxa1 23. exf6 Qd5 $1 24. Rf3 c4 $17) 22... Bd4+ 23. Rf2 $8 (
23. Kh1 Qh3 $1 24. Rg1 Bxg1 25. Qxg1 Qxd3 $19) 23... Bxf2+ (23... Qg4 24. Qf1
Bxf2+ 25. Qxf2 c4 26. h3 Qh5 27. Qg3 g6 $17) 24. Kxf2 Qd5 {and Black has a
clear advantage, 0-1 Gelfand,B (2737)-Anand,V (2799)/Nice (blindfold) 2008}) ({
Dubious is new try} 16. Bg5 Rfe8 17. Ne2 h6 18. Bh4 Ra3 19. Ng3 g6 20. Ne2 Rea8
21. dxe5 Bxe5 22. Nxe5 Nxe5 23. Nc3 g5 24. Bg3 Nxd3 25. Qxd3 c5 26. bxc5 Bxe4
27. Qe3 Qe6 28. Rxb5 Qc4 {0-1 Dzagnidze,N (2535)-Sebag,M (2519)/Nanjing 2009.
White here came under an unpleasant pin.}) 16... Bxb4 {The principal capture,
as other timid moves can't be recommended:} (16... Rfe8 17. Bd2 (17. Ng3 exd4 (
17... g6 {is still correct}) 18. Nxd4 Bxb4 19. Ndf5 Qc5 20. Qe2 Ne5 21. Bg5
Ned7 22. Be3 Qf8 23. Nxg7 Qxg7 24. Rxb4 Ne5 25. Bb1 Rad8 26. Nf5 Qf8 27. Rb3
Ng6 28. Qb2 Ng4 29. Bc5 Ne7 30. Nxe7+ Rxe7 31. Rg3 {1-0 Dubov,D (2489)
-Beinoras,M (2356)/Aix-les-Bains FRA 2011/The Week in Chess 856})) (16... Ra4
17. dxe5 (17. Bd2 Rfa8) 17... Bxe5 (17... Nxe5 18. Nxe5 Bxe5 19. f4 Bc7 20. e5
Bb6+ 21. Kh1 Ng4 22. Bxh7+ Kh8 23. Bf5) 18. Ned4 $5) ({But another try was
interesting:} 16... g6) 17. Ng3 ({Capture is not better} 17. dxe5 Ng4 18. Bg5
Qc5 19. e6 (19. Qb3 Ndxe5 20. Nxe5 Nxe5 $17) 19... fxe6 20. Qb3 Nde5 ({a)} 
20... Rxf3 21. gxf3 Nxf2 22. Qxe6+ Kh8 23. Qxd7 (23. Rxf2 Qxg5+ 24. Rg2 Bc5+
25. Kh1 Qe7 26. Qxe7 Bxe7 $44) 23... Nxd3+ 24. Kh1 Nf2+ 25. Kg2 Qxg5+ 26. Ng3
Nd3 (26... Rd8 27. Qxb7 Nd3 28. Rfd1) 27. Qxd3 (27. Qxb7 $2 Ra2+ 28. Kh1 Rxh2+)
27... Rd8 $44) 21. Nxe5 Nxe5 (21... Qxe5 22. Bf4 Rxf4 23. Nxf4 Bd6 24. Be2 $1)
22. Bxb5 (22. Be3 Qe7 23. Bxb5 Bd6 24. Bd3 Bc8 25. Qc2 Ra3 26. Rb3 Ng4 $17))
17... exd4 {'!?' Svidler,P.} ({A very serious option which is frequently tried
is} 17... g6 18. dxe5 $146 (18. Bg5 Bd6 19. Nh4 (19. Kh1 exd4 20. e5 Bxe5 21.
Ne4 c5 22. Nxe5 Qxe5 23. Nxf6+ Nxf6 24. Bxf6 Qxf6 25. Qxc5 Rfc8 26. Qb4 Bc6 27.
f3 Rab8 28. Rfd1 Bd5 29. Kg1 Bc4 {is close to winning for Black, 0-1 Sjugirov,
S (2626)-Jakovenko,D (2718)/Moscow 2011}) 19... exd4 20. f4 (20. Ngf5 gxf5 21.
Nxf5 Qe6) 20... Qe6 ({a)} 20... h6 21. Bxh6 Ng4 22. Nhf5 (22. Bg5 Qe8 $17)
22... gxf5 23. Nxf5 Qe6 24. Bxf8 Kxf8 25. Qe2 Nh6 26. Nxd6 Qxd6 27. e5 $44) 21.
e5 Ra2 22. Qb3 (22. Qd1 Nxe5 23. fxe5 Bxe5) 22... Qxb3 23. Rxb3 Ng4 24. exd6 f6
$17) 18... Ng4 19. Bg5 (19. e6 fxe6 20. Bg5 Qd6 21. Be2 Rf7 22. e5 Ngxe5 23.
Ne4 Nxf3+ 24. Bxf3 Qf8 25. Bg4 Re8 {play is very unclear,1-0 Shabalov,A (2578)
-Mulyar,M (2405)/Toronto 2010}) 19... Qc5 20. e6 (20. Bf4 Rfe8) 20... Nde5 $1
21. Nxe5 Nxe5 22. Bf6 $5 (22. Be3 Qxc2 23. Bxc2 c5 24. Bxc5 Bxc5 25. Rxb5 Ba6
26. Rxc5 Bxf1 27. Nxf1 Rfc8 $11) 22... Qxc2 $2 (22... Nxd3 23. Qxd3 fxe6 24. e5
Qc3 $1 25. Qxc3 $5 (25. Qd7 Rf7 $1 26. Qxe6 Bc8 27. Qb3 Qxb3 28. Rxb3 Bf8 29.
Ne4 Be6 $15) (25. Qe4 Ba3 26. Qg4 Rfe8 27. Rbd1 Bf8 28. Rd7 Bc8 29. Rxh7 Kxh7
30. Qh4+ Bh6 31. Ne4 {1-0 L'Ami,E (2623)-Brunner,N (2478)/Aix-les-Bains FRA
2011}) 25... Bxc3 26. Rfd1 b4 (26... Bc8 27. Ne4 Ba5 28. Ra1 $44) 27. Ne4 Ba6
28. Nxc3 bxc3 29. Rbc1 Bc4 30. Rxc3 Bd5 $11) 23. Bxc2 Bd6 {White keeps the
initiative,1-0 Svidler,P (2746)-Karjakin,S (2732)/Baku 2008}) ({He had to try
the more thoroughly risky} 17... Ba3 18. Nf5 Qe8 19. Bg5 Nh5 20. Qc3 exd4 21.
N3xd4 Qe5 22. Qd2 Bc5 23. Be2 Ndf6 24. Bxf6 Nxf6 25. Qg5 Nd7 26. Nb3 (26. Nxb5
$5 cxb5 (26... Bc8 $1 $13) 27. Rxb5 Bxe4 28. Rxc5) 26... Ba3 27. Rfd1 Qf6 28.
Qg3 Ne5 29. f4 Ng6 30. Bg4 Ne7 31. Nxe7+ Bxe7 32. e5 Qh4 33. Qxh4 Bxh4 34. Nc5
Bc8 {White is fighting for a draw.}) 18. e5 Nxe5 19. Nxe5 c5 {'<=>' evaluated
by Svidler,P. But my impression is that it is very dangerous to play for a win
with White. It is safer to sacrifice the piece back for these dangerous pawns.
The black pawns completely control the centre and threaten to go forward,
limiting the activity of White's pieces.} 20. Bf4 (20. f4 c4 21. Bxc4 bxc4 22.
Qxc4 Nd5 23. Nf5 Qf6 24. Rxb4 Nxb4 25. Qxb4 Qxf5 26. Qxb7 Qc2 27. Qf3 Ra1 28.
Nd3 Re8 29. f5 f6 30. Qg3 Qe2 {with good chances for Black.}) (20. Qe2 Rfe8 21.
Ng4 Ne4 22. Qf3 Ra6 23. Nf5 Qd7 24. Bh6 gxh6 25. Nf6+ Rxf6 26. Qg4+ Ng5 27.
Nxh6+ Rxh6 28. Qxd7 Bc6 29. Qg4 Kh8 30. Rxb4 Rg8 31. Rbb1 Ne6 32. Qxg8+ Kxg8
33. Bxb5 Nf4 {and even here the white side is fighting for a draw. Kasimdzanov
R,-Negi,P,Asian Ind. 2011}) 20... c4 21. Bf5 $6 ({It was not in Danielian's
style to try to go for a draw here} 21. Nxc4 bxc4 22. Qxc4 Bc3 (22... Ba6 23.
Qxb4 Qxb4 24. Rxb4 Bxd3 25. Rc1 {with a draw}) 23. Nf5 Qd7 24. Qc5 {with
serious activity for the pawn.}) ({But a much better try was the activation of
the knight:} 21. Nf5 Qc5 22. Qb2 Nh5 23. Qxb4 Qxb4 24. Rxb4 Nxf4 25. Bxc4 bxc4
26. Rxb7 Ne2+ 27. Kh1 c3 28. g3 c2 29. Rc7 c1=Q 30. Rcxc1 Nxc1 31. Rxc1 {
Black must hold, but it will be White, who will make some attempts at winning.}
) 21... d3 ({The immediate} 21... g6 {was very strong}) 22. Qd1 $6 ({Once more
it was possible to return the piece and to head for a draw:} 22. Nxd3 cxd3 23.
Qxd3 Rfd8 24. Qxb5 Nd5 25. Bg5) 22... Nd5 ({The activation of the rook was
very logical:} 22... Rfd8) 23. Qg4 ({Now it was too late to think about
returning the piece and destroying the opponent's pawn chain:} 23. Nxd3 cxd3
24. Bd2 Rfd8 25. Re1 Qf8 26. Bxd3 Ra2) 23... Nxf4 24. Qxf4 g6 ({This tempting
pin would allow White to sacrifice the exchange for drawing chances} 24... Bd6
25. Rxb5 Rfe8 26. Qxc4 Bxe5 27. Qxd3 Ba6 28. Bxh7+ Kf8 29. Be4) 25. Nd7 ({
Some chances for a draw would still be retained after} 25. Nxc4 bxc4 26. Qxc4
Ba6 27. Qxb4 Qxb4 28. Rxb4 gxf5 29. f3 Rfe8 30. Rd1) 25... Rfd8 26. Qd4 $2 ({
Now it was necessary to act actively} 26. Rxb4 $1 Rxd7 27. Bxd7 Qxb4 ({or} 
27... Qxd7 28. Nh5 Qc6 29. Qg5) 28. Qc7 Ba6 29. Qe5 {threatening to attack the
king with Ng3-e4. This would force Black to repeat moves after ...Bb7.}) 26...
Ra6 $1 {With this move Black protects the most vulnerable square in the
position - f6.} 27. Rxb4 Qxb4 28. Nf6+ Rxf6 29. Qxd8+ Kg7 30. Qc7 ({A very
interesting situation would appear after the best chance} 30. Be4 Qd6 $1 31.
Qxd6 Rxd6 32. Bxb7 f5 $1 {cutting off the bishop} 33. f3 (33. Bf3 c3 34. Bd1 c2
35. Bxc2 dxc2 36. Ne2 b4 37. Nc1 Rd1 38. Nb3 Rb1)) 30... Bc6 31. Be4 Qd6 $1 {
This is the decisive move, which stops all white activity and prepares the
advancie of Black's powerful pawns.} 32. Qa5 Qe5 ({The active flank move} 32...
h5 {was not so bad}) 33. Bxc6 Rxc6 34. Re1 Ra6 35. Qb4 Ra1 {The simplest
solution is to exchange pieces, as at the end just one knight will not be able
to fight the pawn mass.} 36. Rxa1 Qxa1+ 37. Nf1 Qe5 38. Qd2 ({Or} 38. g4 c3 39.
f4 Qf6 40. g5 Qb6+ 41. Kg2 Qc6+ 42. Kf2 c2 43. Qd4+ Kf8 44. Qd8+ Qe8 45. Qd6+
Kg7 46. Qc5 Qe2+) 38... Qd4 ({The direct advance of the pawns with} 38... b4 {
would be simpler}) 39. Qb4 Qe5 40. Qd2 h5 41. f4 Qd4+ 42. Qf2 Qf6 ({A slightly
better place for the queen is on d6:} 42... Qd6) 43. Qd2 b4 $1 {Time to run!}
44. Qxb4 c3 45. Nd2 c2 46. Qa3 Qd4+ (46... Qxf4 {was possible}) 47. Kh1 Qe3 48.
Qc3+ Kh7 49. Nb3 Qe2 50. h4 d2 51. Kh2 ({Or} 51. Nxd2 Qd1+ 52. Kh2 c1=Q) 51...
d1=Q 0-1